 Dungeon Crawl Stone Soup version 0.28.0-1-gb440e238dd (webtiles) character file.

Game seed: 8061752306123697205

203 Zeld the Digger (level 5, -5/28 HPs)
             Began as a Gargoyle Earth Elementalist on Feb 21, 2022.
             Killed from afar by Ijyb (8 damage)
             ... with an iceblast
             ... on level 3 of the Dungeon.
             The game lasted 00:06:30 (4129 turns).

Zeld the Digger (Gargoyle Earth Elementalist)       Turns: 4129, Time: 00:06:31

Health: -5/28      AC:  7    Str: 12    XL:     5   Next: 81%
Magic:  2/10       EV: 12    Int: 17    God:
Gold:   50         SH:  0    Dex: 10    Spells: 4/10 levels left

rFire   . . .      SeeInvis .   (no weapon)
rCold   . . .      Faith    .   (no shield)
rNeg    + . .      Spirit   .   b - +0 robe
rPois   ∞          Reflect  .   (no helmet)
rElec   +          Harm     .   g - +0 cloak
rCorr   .          Rampage  .   (no gloves)
Will    .....                   (no boots)
Stlth   ++........              (no amulet)
HPRegen 0.09/turn               (no ring)
MPRegen 0.12/turn               (no ring)

@: no status effects
A: sickness immunity, AC +4, negative energy resistance 1, electricity
resistance, torment resistance 1, petrification resistance
a: no special abilities


You were on level 3 of the Dungeon.
You visited 1 branch of the dungeon, and saw 3 of its levels.

You collected 199 gold pieces.
You spent 149 gold pieces at shops.

Inventory:

Armour
 b - a +0 robe (worn)
 g - a +0 cloak (worn)
Jewellery
 c - an amulet of guardian spirit
Scrolls
 a - a scroll of magic mapping
 e - a scroll of fear
 k - a scroll of teleportation
 l - a scroll of identify
Potions
 d - a potion of attraction {unknown}
 h - a potion of degeneration {unknown}
 i - a potion of curing {unknown}
 j - a potion of mutation {unknown}


   Skills:
 - Level 2.0 Dodging
 + Level 3.2 Stealth
 * Level 3.3 Spellcasting
 + Level 1.5 Conjurations
 - Level 1.0 Transmutations
 * Level 5.4 Earth Magic


You had 4 spell levels left.
You knew the following spells:

 Your Spells              Type           Power      Damage    Failure   Level
a - Sandblast             Erth           42%        2d11      1%          1
b - Passwall              Tmut/Erth      10%        N/A       7%          2
c - Stone Arrow           Conj/Erth      28%        3d8       12%         3

Your spell library contained the following spells:

 Spells                   Type           Power      Damage    Failure   Level
 Magic Dart               Conj           28%        1d4       9%          1
 Call Imp                 Summ           2%         N/A       26%         2
 Mephitic Cloud           Conj/Pois/Air  4%         N/A       38%         3
 Petrify                  Tmut/Erth      13%        N/A       41%         4


Dungeon Overview and Level Annotations

Branches:
Dungeon (3/15)

Altars:

Shops:
D:1 ?

Annotations:
D:3 1 runed translucent door, Crazy Yiuf, Ijyb


Innate Abilities, Weirdness & Mutations

You are immune to sickness and miasma.
Your stone body is resilient. (AC +4)
You are immune to poison.
You resist negative energy. (rN+)
You are resistant to electric shocks. (rElec)
You are resistant to unholy torment.
You are immune to petrification.


Message History

No target in view!
HP restored.
Found a mace.
Found a runed translucent door.
Crazy Yiuf shouts!
You see here a giant cockroach corpse.
Casting: Stone Arrow (quite dangerous; 12% risk of failure)
Confirm with . or Enter, or press ? or * to list all spells.
The spell is quite dangerous to miscast (12% risk of failure)!
Continue anyway?
Aiming: Stone Arrow (quite dangerous; 12% risk of failure)
Press: ? - help, Shift-Dir - straight line, f - Ijyb
Aim: Ijyb, wielding a +0 club, wearing a +2 ring mail of willpower and carrying a wand of iceblast (3) (wandering, hasn't noticed you, 64% to hit)
The stone arrow misses Ijyb.
Ijyb shouts!
Unknown command.
Casting: Stone Arrow (quite dangerous; 12% risk of failure)
Confirm with . or Enter, or press ? or * to list all spells.
The spell is quite dangerous to miscast (12% risk of failure)!
Continue anyway?
Aiming: Stone Arrow (quite dangerous; 12% risk of failure)
Press: ? - help, Shift-Dir - straight line, f/p - Ijyb
Aim: Ijyb, wielding a +0 club, wearing a +2 ring mail of willpower and carrying a wand of iceblast (3) (64% to hit)
The stone arrow hits Ijyb!
Ijyb is severely wounded.
Ijyb zaps a wand.
The mass of ice explodes!
The iceblast engulfs you!
Casting: Stone Arrow (quite dangerous; 12% risk of failure)
Confirm with . or Enter, or press ? or * to list all spells.
The spell is quite dangerous to miscast (12% risk of failure)!
Continue anyway?
Aiming: Stone Arrow (quite dangerous; 12% risk of failure)
Press: ? - help, Shift-Dir - straight line, f/p - Ijyb
Aim: Ijyb, wielding a +0 club, wearing a +2 ring mail of willpower and carrying a wand of iceblast (2) (severely wounded, 64% to hit)
The stone arrow hits Ijyb.
Ijyb is almost dead.
Unknown command.
Unknown command.
Casting: Stone Arrow (quite dangerous; 12% risk of failure)
Confirm with . or Enter, or press ? or * to list all spells.
You don't have enough magic to cast this spell.
Ijyb zaps a wand.
The mass of ice explodes!
The iceblast engulfs you!
* * * LOW HITPOINT WARNING * * *
Ijyb zaps a wand.
The mass of ice explodes!
The iceblast engulfs you!
You die...

#.#######.# #### #.# #.# ##..####
#.# #.# .?.....# #.#####.#### #.#
###.##.# # #.#.g.g....####.####
#.##.# .# #.#.###.....^....†..
##.##.##.## #.#.# #..#.####.....
##...........#.#.###..#.####..##.
#......?...#.#.#@##.........###..
#...##.##..#.#(...#.#.#.....# #..
...w....#..#.#.........###### #..
#...##w.#..#.##<..#.#..# #..
#...##.g#..#.###.##.#..# ##.
#...###g#..#.###(#.....# #.#
#...###.<....))........# ##.
...........#.#####...#.# #.
#..####..#.#.# #..##.. ##


You could see Ijyb.

Vanquished Creatures
  An orc priest (D:3)
  4 gnolls
  5 adders
  An ufetubus (D:3)
  3 dart slugs (D:1)
  2 orcs (D:3)
  8 ball pythons
  9 endoplasms
  5 giant cockroaches
  6 goblins
  4 hobgoblins
  7 jackals
  3 kobolds
  4 quokkas
  6 bats
  5 frilled lizards
  4 rats
77 creatures vanquished.

Vanquished Creatures (others)
  7 fungi (D:2)
  2 toadstools (D:2)
9 creatures vanquished.

Grand Total: 86 creatures vanquished

Notes
Turn   | Place    | Note
-------+----------+-------------------------------------------
     0 | D:1      | Zeld the Gargoyle Earth Elementalist began the quest for
                  | the Orb.
     0 | D:1      | Reached XP level 1. HP: 10/10 MP: 3/3
   165 | D:1      | Reached XP level 2. HP: 15/15 MP: 1/5
   173 | D:1      | Reached skill level 1 in Transmutations
   248 | D:1      | Reached skill level 4 in Earth Magic
   439 | D:1      | Found Dyweosod's Magic Scroll Emporium.
   594 | D:1      | Reached XP level 3. HP: 17/19 MP: 3/6
   604 | D:1      | Learned a level 2 spell: Passwall
   608 | D:1      | Learned a level 3 spell: Stone Arrow
   765 | D:1      | Found a faded altar of an unknown god.
  1260 | D:2      | Reached XP level 4. HP: 22/24 MP: 4/8
  2265 | D:3      | Reached skill level 1 in Conjurations
  2268 | D:3      | Reached skill level 5 in Earth Magic
  2268 | D:3      | Reached XP level 5. HP: 28/28 MP: 5/9
  2750 | D:1      | Bought a scroll of identify for 26 gold pieces
  2750 | D:1      | Bought a scroll of identify for 26 gold pieces
  2750 | D:1      | Bought a scroll of amnesia for 45 gold pieces
  2750 | D:1      | Bought a scroll of identify for 26 gold pieces
  2750 | D:1      | Bought a scroll of identify for 26 gold pieces
  2955 | D:3      | Noticed Ijyb
  3214 | D:3      | Learned a level 4 spell: Petrify
  4085 | D:3      | Found a runed translucent door.
  4086 | D:3      | Noticed Crazy Yiuf
  4129 | D:3      | Killed from afar by Ijyb

Illustrated notes

Levels and vault maps discovered:
D:1:      minmay_arrival_checkered_box, layout_basic, serial_shops,
          nicolae_square_shop, dilly_ecumenical_altar_fadedgnrine
D:2:      layout_loops_ring, minmay_gold_behind_fungi,
          chequers_serial_rivers_micro_a, minivault_27
D:3:      layout_loops_ring, minmay_misc_feat_pillars, uniq_ijyb,
          uniq_crazy_yiuf_cottage

Skill      XL: |  1  2  3  4 |
---------------+-------------+-----
Transmutations | 1 |  1.0
Earth Magic    | 4 5 |  5.4
Dodging        | 2 |  2.0
Conjurations   | 1 |  1.5
Stealth        | 3 |  3.2
Spellcasting   | 3 |  3.3

Action                   |  1- 3 |  4- 6 || total
-------------------------+-------+-------++-------
Melee: Unarmed           |    16 |    37 ||    53
 Cast: Sandblast         |    50 |    45 ||    95
       Stone Arrow       |       |     7 ||     7
  Use: Scroll            |       |     5 ||     5
Armor: Robe              |     8 |    25 ||    33
Dodge: Dodged            |    24 |    41 ||    65
